 Dungeon Crawl Stone Soup version 0.21-a0-625-g1119ec1 (webtiles) character file.

18 Lanoc the Magician (level 2, 0/28 HPs)
             Began as a Demonspawn Wizard on Dec 24, 2017.
             Succumbed to a worker ant's poison
             ... on level 1 of the Dungeon.
             The game lasted 00:04:30 (1276 turns).

Lanoc the Magician (Demonspawn Wizard)              Turns: 1276, Time: 00:04:30

Health: 0/28       AC: 21    Str:  6 (7)  XL:     2   Next: 51%
Magic:  0/6        EV:  2    Int: 16 (19) God:
Gold:   30         SH:  0    Dex:  8 (11) Spells: 2/7 levels left

rFire    . . .     SeeInvis .   (no weapon)
rCold    . . .     Gourm    .   (no shield)
rNeg     + + +     Faith    .   (armour currently unavailable)
rPois    +         Spirit   .   (helmet currently unavailable)
rElec    .         Reflect  .   (cloak currently unavailable)
rCorr    .         Harm     .   (gloves currently unavailable)
MR       .....     NoTele   +   (boots currently unavailable)
Stlth    ++........             (no amulet)
HPRegen  0.09/turn              (no ring)
MPRegen  0.10/turn              (no ring)

@: lethally poisoned (0 -> -6), tree-form
A: no striking features
a: no special abilities


You were on level 1 of the Dungeon.
You were not hungry.
You were a tree.
You visited 1 branch of the dungeon, and saw 2 of its levels.

You collected 30 gold pieces.

Inventory:

Armour
 a - a +0 robe (melded)
 b - a +0 hat (melded)
 i - a +2 pair of boots (melded)
Scrolls
 e - a scroll of amnesia {unknown}
 f - a scroll of remove curse {unknown}
 k - a scroll of fog {unknown}
 l - a scroll of blinking {unknown}
 n - a scroll of identify {unknown}
 o - a scroll of enchant armour {unknown}
Books
 c - a book of Minor Magic

   Spells                             Type                      Level
   a - Magic Dart                     Conjuration                  1
   b - Blink                          Translocation                2
   c - Call Imp                       Summoning                    2
   d - Slow                           Hexes                        2
   e - Conjure Flame                  Conjuration/Fire             3
   f - Mephitic Cloud                 Conjuration/Poison/Air       3
Comestibles
 d - 2 rations


   Skills:
 + Level 2.2 Dodging
 - Level 1.7 Stealth
 + Level 3.2 Spellcasting
 + Level 1.6 Conjurations
 - Level 1.0 Summonings
 - Level 0.8 Translocations


You had 2 spell levels left.
You knew the following spells:

 Your Spells              Type           Power        Failure   Level  Hunger
a - Magic Dart            Conj           #...         10%         1    None
b - Blink                 Tloc           N/A          19%         2    ##.....
c - Call Imp              Summ           #.......     19%         2    ##.....


Dungeon Overview and Level Annotations

Branches:
Dungeon (2/15)

Altars:


Innate Abilities, Weirdness & Mutations

((You are partially covered in icy blue scales. (AC +2)))


Message History

The worker ant bites you but does no damage.
You hit the worker ant but do no damage.
The worker ant is lightly wounded.
* * * LOW HITPOINT WARNING * * *
You feel sick.
The worker ant bites you but does no damage.
Your crimson imp closely misses the worker ant.
The worker ant completely misses you.
You hit the worker ant.
The worker ant is moderately wounded.
The worker ant barely misses you.
Your crimson imp barely misses the worker ant.
Casting: Call Imp
Confirm with . or Enter, or press ? or * to list all spells.
Aiming: Magic Dart
Press: ? - help, Shift-Dir - straight line, f - worker ant
Aim: a worker ant (moderately wounded)
The magic dart hits the worker ant.
The worker ant is heavily wounded.
You die...

###..#
###...########.##.###.#
#..######..(######..........#
#...................#.#.#####
####.########.#########.#.#
........................#.#
####.########..##.........#
#.# #..##.######### ####.#
##.........# .....#
#..♣......# .#####
#).a5.....# .# #.........# .#
#.........# .# #.........# .#
#...>.....# .# #.........# ##
###########


You could see a worker ant and a friendly crimson imp.

Vanquished Creatures
  A dart slug (D:1)
  A leopard gecko (D:1)
  A bat (D:1)
  A giant cockroach (D:1)
  4 hobgoblins (D:1)
  A ball python (D:1)
  A frilled lizard (D:2)
  2 kobolds (D:1)
  4 rats
16 creatures vanquished.

Notes
Turn   | Place    | Note
-------+----------+-------------------------------------------
     0 | D:1      | Lanoc the Demonspawn Wizard began the quest for the Orb.
     0 | D:1      | Reached XP level 1. HP: 13/13 MP: 4/4
   652 | D:1      | Gained mutation: You are partially covered in icy blue scales. (AC +2) [demonic ancestry]
   652 | D:1      | Reached XP level 2. HP: 14/19 MP: 0/6
  1234 | D:2      | Learned a level 2 spell: Blink
  1237 | D:2      | Learned a level 2 spell: Call Imp
  1274 | D:1      | HP: 1/28 [poisoned by a worker ant]
  1276 | D:1      | Succumbed to a worker ant's poison

Vault maps used:
D:1:      nicolae_arrival_washed_ashore, nrook_mini_backslash
D:2:      ashenzari_conservatory_becter, lemuel_blue_sif_altar

Skill      XL: |  1 |
---------------+----+-----
Dodging        | 2 |  2.2
Stealth        | |  1.7
Spellcasting   | |  3.2
Conjurations   | |  1.6
Summonings     | |  1.0
Translocations | |  0.8

Action                   || total
-------------------------++-------
Melee: Unarmed           ||    40
 Cast: Magic Dart        ||    45
       Call Imp          ||     1
  Use: Potion            ||     3
  Eat: Chunk             ||     1
Armor: Robe              ||    12
       Skin              ||     4
Dodge: Dodged            ||    38

Table legend:
 A = Spawn XP
 B = Non-spawn XP
 C = Spawn XP percentage of total XP
 D = Spawn monster count
 E = Non-spawn monster count
 F = Spawn count percentage of total count
 G = Total turns spent on level
                    A         B        C        D         E        F      G
               +---------+---------+-------+---------+---------+-------+---------
         Total |       0 |      27 |   0.0 |       0 |      16 |   0.0 |  1276
               +---------+---------+-------+---------+---------+-------+---------
           D:1 |       0 |      25 |   0.0 |       0 |      14 |   0.0 |  1233
           D:2 |       0 |       2 |   0.0 |       0 |       2 |   0.0 |    43
               +---------+---------+-------+---------+---------+-------+---------
